 Dungeon Crawl Stone Soup version 0.25-a0-661-g55ea3d2 (webtiles) character file.

Game seed: 15789470064860418387, levelgen mode: deterministic

112 snetch the Skirmisher (level 4, -3/42 HPs)
             Began as a Minotaur Berserker on Mar 23, 2020.
             Was a Believer of Trog.
             Slain by a gnoll
             ... wielding a +0 halberd
              (11 damage)
             ... on level 3 of the Dungeon.
             The game lasted 00:04:39 (1728 turns).

snetch the Skirmisher (Minotaur Berserker)          Turns: 1728, Time: 00:04:39

Health: -3/42      AC:  5    Str: 22    XL:     4   Next: 64%
Magic:  3/3        EV: 11    Int:  4    God:    Trog [**....]
Gold:   69         SH:  0    Dex: 10    Spells: 3/3 levels left

rFire    . . .     SeeInvis .   a - +0 hand axe
rCold    . . .     Gourm    .   (no shield)
rNeg     . . .     Faith    .   i - +0 ring mail
rPois    .         Spirit   .   l - +0 hat
rElec    .         Reflect  .   (no cloak)
rCorr    .         Harm     .   (no gloves)
MR       ++...                  (no boots)
Stlth    ..........             o - amulet of magic regeneration
HPRegen  1.14/turn              (no ring)
MPRegen  0.33/turn              (no ring)

@: regenerating
A: retaliatory headbutt, horns 2
a: Berserk, Trog's Hand, Renounce Religion


You were on level 3 of the Dungeon.
You worshipped Trog.
Trog was pleased with you.
You were not hungry.

You visited 1 branch of the dungeon, and saw 4 of its levels.

You collected 69 gold pieces.

Inventory:

Hand Weapons
 a - a +0 hand axe (weapon)
Missiles
 d - 102 stones (quivered)
Armour
 i - a +0 ring mail (worn)
 l - a +0 hat (worn)
Jewellery
 o - an amulet of magic regeneration (around neck)
Scrolls
 b - 2 scrolls of magic mapping {unknown}
 e - 2 scrolls of amnesia {unknown}
 h - 4 scrolls of identify {unknown}
 k - 3 scrolls of teleportation {unknown}
 m - a scroll of enchant armour {unknown}
 q - a scroll of enchant weapon {unknown}
Potions
 g - 2 potions of heal wounds {unknown}
 j - a potion of magic {unknown}
 n - a potion of cancellation {unknown}
 p - a potion of might {unknown}
Comestibles
 c - 4 rations
 f - 2 chunks of flesh


   Skills:
 + Level 5.0 Fighting
 + Level 5.0 Axes
 + Level 2.9 Armour
 + Level 2.7 Dodging


You had 3 spell levels left.
You didn't know any spells.
Your spell library was empty.

Dungeon Overview and Level Annotations

Branches:
Dungeon (4/15)
 Temple: D:4-7

Altars:

Annotations:
D:2 fly to explore river ends


Innate Abilities, Weirdness & Mutations

You reflexively headbutt those who attack you in melee.
You have a pair of horns on your head.


Message History

The gnoll is moderately wounded.
The gnoll barely misses you.
You closely miss the gnoll.
The gnoll is moderately wounded.
The gnoll barely misses you.
You barely miss the gnoll. Your headbutt misses the gnoll.
The gnoll is moderately wounded.
The gnoll hits you with a +0 halberd!
The gnoll hits you from afar with a +0 halberd.
You closely miss the gnoll.
The gnoll is moderately wounded.
The gnoll completely misses you. The gnoll closely misses you.
Unknown command.
The gnoll hits you from afar with a +0 halberd!
* * * LOW HITPOINT WARNING * * *
Your skin crawls.
You feel resistant to hostile enchantments.
You feel quite a bit more hungry.
The gnoll hits you from afar with a +0 halberd!
You die...

#....## #.# #.#
#.....####.#####.#
#.###.............
#.# ######....##.#
#.# ####.##.# #.#
#.##.# #.# #.##..
#.# #.#### #@# #.#
#.# #.# #g# #.#
#g# #.# #g# #.#
#g# #.# #.#


You could see 4 gnolls.

Vanquished Creatures
  4 adders (D:2)
  An ooze (D:3)
  A worm (D:2)
  2 dart slugs
  A ball python (D:2)
  6 bats
  3 giant cockroaches
  10 goblins
  4 hobgoblins
  7 jackals
  3 quokkas (D:2)
  7 frilled lizards
  6 kobolds
  5 rats
60 creatures vanquished.

Vanquished Creatures (others)
  7 toadstools (D:3)
7 creatures vanquished.

Grand Total: 67 creatures vanquished

Notes
Turn   | Place    | Note
-------+----------+-------------------------------------------
     0 | D:1      | snetch the Minotaur Berserker began the quest for the Orb.
     0 | D:1      | Reached XP level 1. HP: 19/19 MP: 0/0
   138 | D:1      | Reached XP level 2. HP: 26/27 MP: 1/1
   556 | D:1      | Reached XP level 3. HP: 23/34 MP: 2/2
   581 | D:1      | Reached ** piety under Trog
   846 | D:3      | Reached XP level 4. HP: 23/41 MP: 3/3
  1031 | D:2      | Reached skill level 5 in Fighting
  1563 | D:3      | Reached skill level 5 in Axes
  1728 | D:3      | Slain by a gnoll

Levels and vault maps discovered:
D:1:      heliophobic_arrival_dark_side_of_the_moon, layout_basic,
          minmay_tree_intersection, chequers_avenue
D:2:      layout_loops_cross, chequers_big_river,
          hangedman_decor_clover_reticule
D:3:      cheibrodos_fertilizer, layout_loops_ring, marbit_many_paths,
          skrybe_limestone_x
D:4:      layout_basic, lemuel_zombie_altar_kikubaaqudgha, zin_academy,
          nicolae_ru_great_annihilating_truth, serial_glass, glass_columns_c,
          glass_columns_b, glass_columns_a, glass_columns_b, glass_columns_a,
          feat_on_display, item_on_display_b, due_unseen_surprise, serial_shops,
          shop_fountains

Skill      XL: |  1  2  3  4 |
---------------+-------------+-----
Fighting       | 4 5 |  5.0
Axes           | 4 5 |  5.0
Armour         | |  2.9
Dodging        | |  2.7

Action                   |  1- 3 |  4- 6 || total
-------------------------+-------+-------++-------
Melee: Hand axe          |    82 |    49 ||   131
       Headbutt          |    11 |     4 ||    15
Invok: Trog's Hand       |       |     1 ||     1
  Eat: Chunk             |       |     3 ||     3
Armor: Animal skin       |    12 |       ||    12
       Ring mail         |    32 |    11 ||    43
Dodge: Dodged            |    51 |    28 ||    79

Table legend:
 A = Non-vault XP
 B = Vault XP
 C = Vault XP percentage of total XP
 D = Non-vault monster count
 E = Vault monster count
 F = Vault count percentage of total count
                 A         B        C        D         E       F
            +---------+---------+-------+---------+---------+-------
      Total |     161 |       0 |   0.0 |      60 |       0 |   0.0
            +---------+---------+-------+---------+---------+-------
        D:1 |      45 |       0 |   0.0 |      24 |       0 |   0.0
        D:2 |      97 |       0 |   0.0 |      28 |       0 |   0.0
        D:3 |      19 |       0 |   0.0 |       8 |       0 |   0.0
            +---------+---------+-------+---------+---------+-------
